 Seeded DCSS version 0.30-a0-141-g30f27751c5 (webtiles) character file.

Game seed: 17990219230249953347 (custom seed)

74 innerfire433 the Poker (level 4, 0/37 HPs)
             Began as a Demonspawn Monk on Sept 20, 2022.
             Slain by Sigmund
             ... wielding a +0 scythe
              (2 damage)
             ... on level 2 of the Dungeon on Sept 26, 2022.
             The game lasted 00:08:40 (1724 turns).

innerfire433 the Poker (Demonspawn Monk)            Turns: 1724, Time: 00:08:40

Health: 0/37       AC:  4    Str: 14    XL:     4   Next: 9%
Magic:  4/4        EV: 13    Int: 11    God:
Gold:   93         SH:  0    Dex: 15    Spells: 3/3 levels left

rFire   . . .      SeeInvis .    d - +0 trident (vamp)
rCold   . . .      Faith    .    (no shield)
rNeg    . . .      Spirit   .    b - +0 robe
rPois   .          Reflect  .    (no helmet)
rElec   .          Harm     .    (no cloak)
rCorr   .          Rampage  .    (no gloves)
Will    .....                    (no boots)
Stlth   ++........               (no amulet)
HPRegen 0.12/turn                (no ring)
MPRegen 0.09/turn                (no ring)

@: flying
A: rugged brown scales 2
a: no special abilities


You were on level 2 of the Dungeon.
You visited 1 branch of the dungeon, and saw 2 of its levels.

You collected 93 gold pieces.

Inventory:

Hand Weapons
 a - a +0 spear
 d - a +0 vampiric trident (weapon)
Armour
 b - a +0 robe (worn)
Scrolls
 f - 2 scrolls of teleportation {unknown}


   Skills:
 + Level 3.6 Fighting
 * Level 3.6 Polearms
 + Level 3.3 Dodging
 - Level 1.8 Stealth


You had 3 spell levels left.
You didn't know any spells.
Your spell library contained the following spells:

 Spells                   Type           Power      Damage    Failure   Level
 Apportation              Tloc           0%         N/A       34%         1
 Beastly Appendage        Tmut           0%         N/A       34%         1
 Necrotise                Necr           0%         1d4       34%         1
 Summon Small Mammal      Summ           0%         N/A       34%         1
 Wereblood                Tmut           0%         N/A       47%         2
 Spider Form              Tmut/Pois      0%         N/A       71%         3


Dungeon Overview and Level Annotations

Branches:
Dungeon (2/15)

Altars:

Shops:
D:2 =*[=

Annotations:
D:2 Sigmund


Innate Abilities, Weirdness & Mutations

You are mostly covered in rugged brown scales. (AC +2, +5% HP)


Message History

You bump into the rock wall.
Something hits you!
You bump into the rock wall.
Something hits you!
Unknown command.
You miss something. Something hits you.
You closely miss something.
You bump into the rock wall.
You feel less confused.
You hear some strange, mumbled words.
You are confused.
It was a potion of flight.
You feel very buoyant.
You fly up into the air.
Something hits you!
* * * LOW HITPOINT WARNING * * *
It was a potion of heal wounds.
You feel much better. Something hits you.
Something hits you but does no damage.
You see here a giant cockroach corpse.
You barely miss something. Something hits you.
You bump into the rock wall.
You feel less confused.
You miss something. Something barely misses you.
You hit something. Something hits you but does no damage.
You hit something but do no damage. Something barely misses you.
You puncture something! You barely miss something. Something hits you.
You hit something. Something hits you but does no damage.
You closely miss something. You miss something. Something hits you!
* * * LOW HITPOINT WARNING * * *
You hit something. Something hits you.
* * * LOW HITPOINT WARNING * * *
As you read the scroll labelled KASTO AMUNG, it crumbles to dust.
The creatures around you are filled with an inner flame!
It was a scroll of immolation.
Something hits you.
* * * LOW HITPOINT WARNING * * *
As you read the scroll labelled JEJEIM YBLEGAUJU, it crumbles to dust.
It is a scroll of brand weapon.
Your +0 trident thirsts for the lives of mortals!
d - a +0 vampiric trident (weapon)
You miss something. Something hits you.
You die...

#..# #..#
#..###..###..#
#............#
..........>..########.#
..####..#...#.........#
# .......#.##...######
.# ####.##...#.##.# .#
#.###{#.###.# #.#####
#.###@#.# #.# #.....
....#..##.#.# #.# #..#
#...##.##.#.# #.# ...#
#.........#.# #.# #..#
#...##.####.# #.# ...#
#..##.#....###.# .#.#
#..#..>........# .#.#
###.....#..#######
.#.####..8.∩.<.8.#


There were no monsters in sight!

Vanquished Creatures
  Terence (D:2)
  2 adders (D:2)
  3 endoplasms
  A giant cockroach (D:2)
  2 goblins (D:1)
  5 hobgoblins
  A kobold (D:1)
  2 quokkas (D:1)
  4 ball pythons
  3 bats (D:1)
  A frilled lizard (D:1)
  5 rats
30 creatures vanquished.

Notes
Turn   | Place    | Note
-------+----------+-------------------------------------------
     0 | D:1      | innerfire433 the Demonspawn Monk began the quest for the
                  | Orb.
     0 | D:1      | Reached XP level 1. HP: 18/18 MP: 1/1
     0 | D:1      | Upgraded the game from 0.30-a0-134-gb40fab5c76 to
                  | 0.30-a0-135-g630cfc4551
    26 | D:1      | Upgraded the game from 0.30-a0-135-g630cfc4551 to
                  | 0.30-a0-141-g30f27751c5
   170 | D:1      | Gained mutation: You are partially covered in rugged brown
                  | scales. (AC +1, +3% HP) [demonic ancestry]
   170 | D:1      | Reached XP level 2. HP: 12/24 MP: 2/2
   974 | D:2      | Gained mutation: You are mostly covered in rugged brown
                  | scales. (AC +2, +5% HP) [demonic ancestry]
   974 | D:2      | Reached XP level 3. HP: 11/30 MP: 3/3
  1175 | D:2      | Found Hiojumir's Jewellery Boutique.
  1190 | D:2      | Found Kesoowipa's Armour Shop.
  1190 | D:2      | Found Cenax's General Store.
  1199 | D:2      | Noticed Terence
  1222 | D:2      | Killed Terence
  1435 | D:2      | Reached XP level 4. HP: 13/36 MP: 4/4
  1437 | D:2      | Found Unelaong's Jewellery Emporium.
  1664 | D:2      | Noticed Sigmund
  1724 | D:2      | Slain by Sigmund

Illustrated notes

Levels and vault maps discovered:
D:1:      nicolae_arrival_memento_mori, layout_loops_ring, bh_walls_and_bars
D:2:      layout_loops_ring, serial_shops, shop, nicolae_shop_waterfront,
          nicolae_shop_crystal, shop_statue, basic_altar, uniq_robin,
          uniq_sigmund, uniq_terence

Skill      XL: |  1  2 |
---------------+-------+-----
Polearms       | 3 |  3.6
Dodging        | 3 |  3.3
Fighting       | |  3.6
Stealth        | |  1.8

Action                   |  1- 3 |  4- 6 || total
-------------------------+-------+-------++-------
Melee: Spear             |    41 |       ||    41
       Trident           |    65 |    33 ||    98
       Punch             |     1 |       ||     1
  Use: Potion            |     1 |     2 ||     3
       Scroll            |       |     2 ||     2
 Stab: Sleeping          |     7 |     1 ||     8
Armor: Robe              |    14 |    12 ||    26
Dodge: Dodged            |    64 |    27 ||    91

Table legend: (Time is in decaauts)
 A = Elapsed time spent in this place.
 B = Non-inter-level travel time spent in this place.
 C = Inter-level travel time spent in this place.
 D = Time resting spent in this place.
 E = Time spent auto-exploring this place.
 F = Levels seen in this place.
 G = Mean time per level.
                   A        B        C        D        E       F      G
               +--------+--------+--------+--------+--------+-----+--------+
         Total |   1735 |   1696 |     39 |      0 |   1379 |   2 |  867.5 |
       Dungeon |   1735 |   1696 |     39 |      0 |   1379 |   2 |  867.5 |
               +--------+--------+--------+--------+--------+-----+--------+

Top non-repeatable levels by time:
     D:2: 900 daAuts
     D:1: 835 daAuts
